 Dungeon Crawl Stone Soup version 0.31.0-11-ge490571c62 (webtiles) character file.

Game seed: 17331104629344759055

549 Aldia the Cutter (level 7, -3/52 HPs)
             Began as a Human Wanderer on Feb 4, 2024.
             Slain by Pikel
             ... wielding a +0 whip of flaming
              (10 damage)
             ... on level 4 of the Dungeon.
             The game lasted 00:06:37 (3154 turns).

Aldia the Cutter (Human Wanderer)                   Turns: 3154, Time: 00:06:38

Health: -3/52      AC:  9    Str: 12    XL:     7   Next: 28%
Magic:  8/8        EV:  9    Int: 11    God:
Gold:   190        SH:  5    Dex: 16    Spells: 8/8 levels left

rFire   . . .        h - +3 dagger (elec)
rCold   . . .        b - +0 buckler
rNeg    . . .        r - +0 scale mail
rPois   .            (no helmet)
rElec   .            (no cloak)
rCorr   .            (no gloves)
SInv    .            k - +2 pair of boots
Will    .....        (no amulet) Stlth
                     (no ring)
HPRegen 0.28/turn    (no ring)
MPRegen 0.11/turn

%: no passive effects
@: no status effects
A: explore regen
a: no special abilities


You were on level 4 of the Dungeon.
You visited 1 branch of the dungeon, and saw 4 of its levels.

You collected 190 gold pieces.

Inventory:

Hand Weapons
 a - a +2 short sword
 f - a +2 sling of freezing
 h - a +3 dagger of electrocution (weapon)
 q - a +4 dagger
Armour
 b - a +0 buckler (worn)
 d - a +0 leather armour
 k - a +2 pair of boots (worn)
 r - a +0 scale mail (worn)
Jewellery
 j - a +5 ring of evasion
Talismans
 l - a serpent talisman
Scrolls
 e - 2 scrolls of enchant armour {unknown}
 i - a scroll of fog {unknown}
 n - 3 scrolls of enchant weapon {unknown}
 o - 3 scrolls of amnesia {unknown}
 t - a scroll of teleportation {unknown}
Potions
 c - 3 potions of mutation
 g - a potion of lignification
 m - 2 potions of haste
 p - 2 potions of curing
 s - a potion of heal wounds {unknown}


   Skills:
 + Level 3.5 Fighting
 * Level 7.3 Short Blades
 - Level 1.0 Armour
 + Level 2.5 Dodging
 - Level 3.0 Shields
 - Level 1.0 Spellcasting
 - Level 1.0 Alchemy


You had 8 spell levels left.
You didn't know any spells.
Your spell library contained the following spells:

 Spells                   Type           Power      Damage    Failure   Level
 Mercury Vapours          Alch/Air       2%         N/A       96%         2
 Cigotuvi's Dreadful Rot  Necr/Alch/Air  2%         N/A       97%         2


Dungeon Overview and Level Annotations

Branches:
Dungeon (4/15)
 Temple: D:4-7

Altars:

Annotations:
D:4 Pikel


Innate Abilities, Weirdness & Mutations

You regain HP and MP as you explore.


Message History

You are too injured to fight recklessly!
You hit Pikel but do no damage.
Pikel is moderately wounded.
Pikel hits you with a +0 whip of flaming.
Pikel burns you.
You hit Pikel.
Pikel is moderately wounded.
You hit Pikel.
Pikel is moderately wounded.
Pikel hits you but does no damage.
You barely miss Pikel.
Pikel is moderately wounded.
Pikel hits you with a +0 whip of flaming.
* * * LOW HITPOINT WARNING * * *
Pikel burns you.
* * * LOW HITPOINT WARNING * * *
You closely miss Pikel.
Pikel is moderately wounded.
Pikel hits you with a +0 whip of flaming.
* * * LOW HITPOINT WARNING * * *
Pikel burns you.
* * * LOW HITPOINT WARNING * * *
You hit Pikel but do no damage.
Pikel is moderately wounded.
You barely miss Pikel.
Pikel is moderately wounded.
Pikel barely misses you.
You hit Pikel but do no damage.
Pikel is moderately wounded.
Pikel barely misses you.
You closely miss Pikel.
Pikel is moderately wounded.
You hit Pikel.
Pikel is moderately wounded.
Pikel closely misses you.
You hit Pikel but do no damage.
Pikel is moderately wounded.
Pikel hits you with a +0 whip of flaming!
You die...
Pikel says, "Another soul for the market."

...#
#..........[...#
...#
#..........>...#
##+#
#..............#
...
#..............#
...
#..............#
...
#.....##########
... #.....# ...
+.....# ...
#.@...# ...
#K....# .
#5##+#...# ..5'
...## ... ..#
..... ..# ....
## ....


You could see Pikel and 2 lemures.

Vanquished Creatures
  Edmund (D:4)
  2 lemures (D:4)
  Blork the orc (D:4)
  A scorpion (D:4)
  2 hounds (D:4)
  Natasha (twice) (D:2)
  Robin (D:2)
  7 adders
  2 ribbon worms (D:3)
  5 orcs
  8 bats
  4 endoplasms
  4 giant cockroaches
  16 goblins
  16 hobgoblins
  11 jackals
  6 quokkas
  4 ball pythons
  4 frilled lizards
  13 kobolds
  3 rats
113 creatures vanquished.

Notes
Turn   | Place    | Note
-------+----------+-------------------------------------------
     0 | D:1      | Aldia the Human Wanderer began the quest for the Orb.
     0 | D:1      | Aldia set off with the following items: a +2 short sword, a
                  | +0 buckler, a potion of mutation, a +0 leather armour; and
                  | the following spells available to memorise: Mercury
                  | Vapours, Cigotuvi's Dreadful Rot.
     0 | D:1      | Reached XP level 1. HP: 13/13 MP: 2/2
   104 | D:1      | Reached XP level 2. HP: 18/20 MP: 3/3
   343 | D:1      | Reached skill level 1 in Fighting
   404 | D:1      | Reached XP level 3. HP: 26/26 MP: 4/4
   752 | D:2      | Identified the +1 helmet of Fortitude {-Tele rN+++ Will+}
   752 | D:2      | Noticed Robin
   798 | D:2      | Killed Robin
   819 | D:2      | Reached XP level 4. HP: 19/32 MP: 5/5
   979 | D:2      | Found a faded altar of an unknown god.
  1305 | D:2      | Noticed Natasha
  1316 | D:2      | Killed Natasha
  1316 | D:2      | Noticed Natasha
  1317 | D:2      | Reached skill level 6 in Short Blades
  1317 | D:2      | Reached XP level 5. HP: 37/38 MP: 6/6
  1325 | D:2      | Killed Natasha
  1781 | D:3      | Reached skill level 1 in Dodging
  2289 | D:3      | Reached XP level 6. HP: 46/46 MP: 7/7
  2548 | D:4      | Noticed Blork the orc
  2558 | D:4      | Killed Blork the orc
  2735 | D:4      | Noticed Edmund
  2753 | D:4      | Killed Edmund
  2754 | D:4      | Reached skill level 7 in Short Blades
  2754 | D:4      | Reached XP level 7. HP: 26/52 MP: 8/8
  3131 | D:4      | Noticed Pikel
  3154 | D:4      | Slain by Pikel

Illustrated notes

Levels and vault maps discovered:
D:1:      ncdulo_watergridlock, layout_loops_ring
D:2:      layout_basic, nicolae_ecumenical_lake_church,
          kennysheep_generic_room_14, uniq_natasha, uniq_robin
D:3:      layout_basic, minmay_pentomino_pile
D:4:      layout_gridville, uniq_pikel, uniq_blork_the_orc, uniq_edmund,
          uniq_crazy_yiuf_cottage

Skill      XL: |  1  2  3  4  5  6 |
---------------+-------------------+-----
Fighting       | 1 2 3 |  3.5
Short Blades   | 6 7 |  7.3
Shields        | 3 |  3.0
Dodging        | 1 2 |  2.5
Armour         | |  1.0
Spellcasting   | |  1.0
Alchemy        | |  1.0

Action                     |  1- 3 |  4- 6 |  7- 9 || total
---------------------------+-------+-------+-------++-------
  Melee: Short sword       |   131 |       |       ||   131
         Dagger            |    14 |   197 |    64 ||   275
    Use: Scroll            |       |     3 |       ||     3
 Armour: Leather armour    |    60 |    65 |       ||   125
         Scale mail        |       |    26 |    26 ||    52
  Dodge: Dodged            |    59 |    56 |     8 ||   123
  Block: Buckler           |    26 |    33 |    11 ||    70
